 Dungeon Crawl Stone Soup version 0.31-a0-1-g4198be8af4 (webtiles) character file.

Game seed: 17738566903641906422

1684657 greynaab the Englaciator (level 27, 172/172 HPs)
             Began as a Gargoyle Ice Elementalist on May 1, 2023.
             Was the Champion of Ashenzari.
             Escaped with the Orb
             ... and 3 runes on May 2, 2023!
             The game lasted 04:49:29 (67847 turns).

greynaab the Englaciator (GrIE)                    Turns: 67847, Time: 04:49:29

Health: 172/172    AC: 35    Str: 15    XL:     27
Magic:  61/64      EV: 20    Int: 25    God:    Ashenzari [******]
Gold:   5910       SH: 24    Dex: 13    Spells: 7/65 levels left

rFire   + + .        n - +8 demon trident "Rift" {distort, reach+, Melee, Alch} (curse)
rCold   + + +        O - +2 kite shield of the Clairvoyant Cosmos {Cun, Evo} (curse)
rNeg    + . .        P - +4 skin of Zhor {*Englaciate rC+++ SInv, Bglg, Fort} (curse)
rPois   ∞            E - +2 hat "Thunder Perfect Mind" {Fort, Alch} (curse)
rElec   +            A - +1 cloak of Ashenzari's Scepticism {*Corrode Will+++ SInv Stlth+, Self, Bglg} (curse)
rCorr   +            t - +0 pair of gloves "Circumscribed Seer" {Range, Evo} (curse)
SInv    +            j - +0 pair of boots of Supernal Gnosis {Comp, Alch} (curse)
Will    +++++        N - amulet "Profound Burden" {Reflect Regen+ rCorr Int-2 SH+5, Melee, Evo} (curse)
Stlth   ++           c - ring of the Wild Blue Yonder {rF+ rCorr MP+9 Dex+3, Self, Cun} (curse)
HPRegen 1.28/turn    V - ring "Oracle of Ashenzari" {+Blink rF+ MP+9, Self, Alch} (curse)
MPRegen 0.39/turn

%: corrode self (3%), reflection, clarity
@: flying, studying 2 skills
A: sickness immunity, AC +20, big wings, negative energy resistance 1,
electricity resistance, torment resistance 1, petrification resistance,
deterioration 1, evolution 1, sturdy frame 1
0: Orb of Zot
}: 3/15 runes: decaying, serpentine, silver
a: Renounce Religion, Evoke Blink, Shatter the Chains


You escaped.
You worshipped Ashenzari.
Ashenzari was exalted by your worship.
You visited 9 branches of the dungeon, and saw 47 of its levels.
You visited 2 bazaars.
You also visited: Trove, Bailey and Desolation.

You collected 10387 gold pieces.
You spent 4477 gold pieces at shops.

Inventory:

Hand Weapons
 n - the cursed +8 demon trident "Rift" (weapon) {distort, reach+, Melee, Alch}
   (You acquired it on level 3 of the Dungeon)

   It has a curse which improves the following skills: Melee Combat: Short
   Blades, Long Blades, Axes, Maces & Flails, Polearms, Staves and Unarmed
   Combat.
   Alchemy:   Poison Magic and Transmutations.
Missiles
 D - a throwing net
 M - 9 curare-tipped darts
 U - 19 boomerangs
Armour
 j - the cursed +0 pair of boots of Supernal Gnosis (worn) {Comp, Alch}
   (You found it on level 9 of the Dungeon)

   It has a curse which improves the following skills: Companions: Summonings
   and Necromancy.
   Alchemy:   Poison Magic and Transmutations.
 r - the +8 tower shield of Myraiblu {rC- rN++ rCorr Dex-4}
   (You acquired it on level 1 of the Depths)

   Dex:       It affects your dexterity (-4).
   rC:        It makes you vulnerable to cold.
   rN:        It greatly protects you from negative energy.
   rCorr:     It protects you from acid and corrosion.
 t - the cursed +0 pair of gloves "Circumscribed Seer" (worn) {Range, Evo}
   (You found it on level 3 of the Dungeon)

   It has a curse which improves the following skills: Ranged Combat: Ranged
   Weapons and Throwing.
   Evocations: Evocations.
 A - the cursed +1 cloak of Ashenzari's Scepticism (worn) {*Corrode Will+++ SInv Stlth+, Self, Bglg}
   (You found it on level 4 of the Lair of Beasts)

   SInv:      It lets you see invisible.
   *Corrode:  It may corrode you when you take damage.
   Will:      It greatly increases your willpower.
   Stlth:     It makes you more stealthy.
   It has a curse which improves the following skills: Introspection: Fighting
   and Spellcasting.
   Beguiling: Conjurations, Hexes and Translocations.
 E - the cursed +2 hat "Thunder Perfect Mind" (worn) {Fort, Alch}
   (You found it on level 6 of the Dungeon)

   It has a curse which improves the following skills: Fortitude: Armour and
   Shields.
   Alchemy:   Poison Magic and Transmutations.
 O - the cursed +2 kite shield of the Clairvoyant Cosmos (worn) {Cun, Evo}
   (You found it on level 9 of the Dungeon)

   It has a curse which improves the following skills: Cunning: Dodging and
   Stealth.
   Evocations: Evocations.
 P - the cursed +4 skin of Zhor (worn) {*Englaciate rC+++ SInv, Bglg, Fort}
   (You found it on level 1 of the Lair of Beasts)

   *Englaciate: It radiates cold, occasionally slowing all nearby creatures who
   are not resistant to cold.
   rC:        It renders you almost immune to cold.
   SInv:      It lets you see invisible.
   It has a curse which improves the following skills: Beguiling: Conjurations,
   Hexes and Translocations.
   Fortitude: Armour and Shields.
Jewellery
 c - the cursed ring of the Wild Blue Yonder (left hand) {rF+ rCorr MP+9 Dex+3, Self, Cun}
   (You bought it in a shop on level 11 of the Dungeon)

   [ring of protection from fire]

   Dex:       It affects your dexterity (+3).
   rF:        It protects you from fire.
   MP:        It affects your magic capacity (+9).
   rCorr:     It protects you from acid and corrosion.
   It has a curse which improves the following skills: Introspection: Fighting
   and Spellcasting.
   Cunning:   Dodging and Stealth.
 h - the ring "Zappil" {*Corrode rElec rF+++ Str+3 SInv}
   (You took it off a servant of whispers in the Desolation of Salt)

   [ring of see invisible]

   Str:       It affects your strength (+3).
   rF:        It renders you almost immune to fire.
   rElec:     It insulates you from electricity.
   SInv:      It lets you see invisible.
   *Corrode:  It may corrode you when you take damage.
 B - a ring of wizardry
 F - a ring of resist corrosion
 N - the cursed amulet "Profound Burden" (around neck) {Reflect Regen+ rCorr Int-2 SH+5, Melee, Evo}
   (You bought it in a shop on level 1 of the Snake Pit)

   [amulet of reflection]

   It reflects blocked missile attacks.
   Int:       It affects your intelligence (-2).
   Regen:     It increases your rate of health regeneration.
   rCorr:     It protects you from acid and corrosion.
   SH:        It affects your SH (+5).
   It has a curse which improves the following skills: Melee Combat: Short
   Blades, Long Blades, Axes, Maces & Flails, Polearms, Staves and Unarmed
   Combat.
   Evocations: Evocations.
 V - the cursed ring "Oracle of Ashenzari" (right hand) {+Blink rF+ MP+9, Self, Alch}
   (You bought it in a shop on level 1 of the Snake Pit)

   [ring of protection from fire]

   rF:        It protects you from fire.
   MP:        It affects your magic capacity (+9).
   +Blink:    It lets you blink.
   It has a curse which improves the following skills: Introspection: Fighting
   and Spellcasting.
   Alchemy:   Poison Magic and Transmutations.
Wands
 u - a wand of digging (22)
 x - a wand of light (27)
 C - a wand of roots (77)
 X - a wand of paralysis (62)
Scrolls
 d - 10 scrolls of vulnerability
 k - 22 scrolls of teleportation
 l - a scroll of silence
 o - 8 scrolls of fear
 s - 4 scrolls of blinking
 y - 7 scrolls of poison
 z - 7 scrolls of immolation
 G - 13 scrolls of fog
 J - 2 scrolls of magic mapping
 K - 9 scrolls of butterflies
 Y - 9 scrolls of amnesia
Potions
 b - 3 potions of magic
 f - 5 potions of ambrosia
 g - 4 potions of resistance
 i - 7 potions of mutation
 p - 7 potions of heal wounds
 q - 25 potions of curing
 v - 3 potions of berserk rage
 w - 8 potions of attraction
 H - 3 potions of invisibility
 I - 6 potions of might
 L - 2 potions of cancellation
 Q - 7 potions of lignification
 S - 7 potions of haste
 T - 2 potions of brilliance
Miscellaneous
 a - a lightning rod (4/4)
 e - a phantom mirror
 m - a phial of floods
 W - a tin of tremorstones (2/2)
 Z - a box of beasts (inert)


   Skills:
 + Level 12.8(17.5) Fighting
 - Level 7.3(11.0) Maces & Flails
 - Level 9.8(13.4) Polearms
 - Level 7.5(11.1) Armour
 * Level 13.5(17.0) Dodging
 - Level 2.1(4.8) Stealth
 + Level 21.9(25.1) Shields
 - Level 14.9(19.5) Spellcasting
 - Level 16.4(19.9) Conjurations
 - Level 10.7(13.1) Summonings
 - Level 5.5(8.0) Necromancy
 O Level 27 Ice Magic
 - Level 12.0 Earth Magic
 - Level 5.4(10.8) Poison Magic
 - Level 10.3(15.0) Evocations


You had 7 spell levels left.
You knew the following spells:

 Your Spells              Type           Power      Damage    Failure   Level
a - Polar Vortex          Ice            51%        N/A       3%          9
b - Ozocubu's Armour      Ice            100%       N/A       0%          3
c - Ignite Poison         Fire/Tmut/Pois 44%        N/A       1%          3
d - Spellforged Servitor  Conj/Summ      41%        N/A       1%          7
e - Iron Shot             Conj/Erth      40%        9d8       1%          6
f - Freezing Cloud        Conj/Ice/Air   40%        6-21      1%          5
g - Poisonous Vapours     Pois/Air       100%       N/A       1%          2
h - Olgreb's Toxic Radia  Pois           68%        N/A       1%          4
i - Ozocubu's Refrigerat  Ice            51%        4d18      1%          7
j - Irradiate             Conj/Tmut      33%        3d22      1%          5
k - Borgnjor's Vile Clut  Necr/Erth      32%        N/A       1%          5
l - Blink                 Tloc           52%        N/A       2%          2

Your spell library contained the following spells:

 Spells                   Type           Power      Damage    Failure   Level
 Freeze                   Ice            100%       1d10      0%          1
 Magic Dart               Conj           100%       1d8       0%          1
 Sandblast                Erth           100%       2d20      0%          1
 Call Imp                 Summ           100%       N/A       0%          2
 Searing Ray              Conj           100%       2d8       0%          2
 Frozen Ramparts          Ice            100%       1d16      0%          3
 Hailstorm                Conj/Ice       96%        3d19      0%          3
 Stone Arrow              Conj/Erth      100%       3d13      0%          3
 Summon Ice Beast         Ice/Summ       90%        N/A       0%          4
 Iskenderun's Battlesphe  Conj           89%        2d14      0%          5
 Apportation              Tloc           52%        N/A       1%          1
 Slow                     Hex            100%       N/A       1%          1
 Sting                    Tmut/Pois      100%       1d8       1%          1
 Passwall                 Tmut/Erth      45%        N/A       1%          2
 Static Discharge         Conj/Air       100%       2-7/arc   1%          2
 Call Canine Familiar     Summ           74%        N/A       1%          3
 Mephitic Cloud           Conj/Pois/Air  66%        N/A       1%          3
 Vampiric Draining        Necr           59%        2d10      1%          3
 Animate Armour           Summ/Erth      100%       N/A       1%          4
 Animate Dead             Necr           59%        N/A       1%          4
 Dispel Undead            Necr           59%        3d21      1%          4
 Fulminant Prism          Conj/Hex       33%        3d16      1%          4
 Ice Form                 Ice/Tmut       76%        N/A       1%          4
 Iskenderun's Mystic Bla  Conj/Tloc      66%        2d14      1%          4
 Leda's Liquefaction      Hex/Erth       26%        N/A       1%          4
 Agony                    Necr           59%        N/A       1%          5
 Arcjolt                  Conj/Air       32%        1d42      1%          5
 Fireball                 Conj/Fire      32%        3d14      1%          5
 Lee's Rapid Deconstruct  Erth           35%        3d18*     1%          5
 Metabolic Englaciation   Hex/Ice        37%        N/A       1%          5
 Simulacrum               Ice/Necr       42%        N/A       1%          6
 Orb of Destruction       Conj           44%        9d12      1%          7
 Lesser Beckoning         Tloc           52%        N/A       2%          2
 Anguish                  Hex/Necr       22%        N/A       3%          4
 Summon Forest            Summ/Tloc      27%        N/A       3%          5
 Confusing Touch          Hex            26%        N/A       4%          3
 Gell's Gravitas          Tloc           26%        N/A       4%          3
 Portal Projectile        Hex/Tloc       52%        N/A       4%          3
 Teleport Other           Tloc           26%        N/A       4%          3
 Tukima's Dance           Hex            26%        N/A       4%          3
 Alistair's Intoxication  Tmut/Pois      34%        N/A       4%          5
 Conjure Ball Lightning   Conj/Air       32%        3x3d10    4%          6
 Vhi's Electric Charge    Tloc/Air       50%        N/A       5%          3
 Volatile Blastmotes      Fire/Tloc      50%        2d14      5%          3
 Swiftness                Air            24%        N/A       6%          3
 Monstrous Menagerie      Summ           37%        N/A       8%          7
 Summon Hydra             Summ           37%        N/A       8%          7
 Death Channel            Necr           29%        N/A       12%         6
 Cause Fear               Hex            13%        N/A       16%         4
 Passage of Golubria      Tloc           26%        N/A       16%         4
 Haunt                    Necr/Summ      33%        N/A       22%         7
 Eringya's Noxious Bog    Tmut/Pois      26%        N/A       26%         6
 Blade Hands              Tmut           14%        N/A       36%         5
 Yara's Violent Unravell  Hex/Tmut       13%        3d7       38%         5
 Silence                  Hex/Air        12%        N/A       45%         5
 Malign Gateway           Summ/Tloc      27%        N/A       71%         7
 Dragon Form              Tmut           14%        N/A       100%        7
 Enfeeble                 Hex            13%        N/A       100%        7
 Lehudib's Crystal Spear  Conj/Erth      40%        10d10     19%         8
 Infestation              Necr           29%        N/A       99%         8
 Maxwell's Capacitive Co  Air            12%        ∞         100%        8
 Necromutation            Tmut/Necr      23%        N/A       100%        8
 Chain Lightning          Conj/Air       32%        3d43      100%        9
 Death's Door             Necr           29%        N/A       100%        9
 Fire Storm               Conj/Fire      32%        8d8       100%        9
 Cigotuvi's Dreadful Rot  Necr/Pois/Air  Unusable   N/A       N/A         2
 Statue Form              Tmut/Erth      Unusable   N/A       N/A         6

Dungeon Overview and Level Annotations

Branches:
Dungeon (15/15)            Temple (0/1) D:7            Lair (5/5) D:11
  Swamp (4/4) Lair:3        Snake (4/4) Lair:2        Slime (0/5) Lair:5
    Orc (2/2) D:11            Elf (3/3) Orc:2        Vaults (5/5) D:13
  Crypt (0/3) Vaults:2     Depths (4/4) D:15            Zot (5/5) Depths:4
 Bailey (visited)         Desolation (visited)

Altars:
Ashenzari
Cheibriados
Qazlal
Trog
Uskayaw
Lugonu

Shops:
D:11 =   Orc:2 (:[*   Snake:1 ::=(   Snake:3 [=   Vaults:4 *   Depths:3 *=

Portals:
Hell: Depths:1 Depths:2 Depths:3 Depths:4
Abyss: Depths:1 Depths:3
Pandemonium: Depths:2
Ziggurat: Depths:2

Annotations:
D:4 Dowan
D:6 1 runed translucent door, Crazy Yiuf
D:14 3 runed translucent doors
Depths:3 2 runed translucent doors, lmSkywalker's ghost, adept DrTm
Depths:4 2 transporters, strangelove's ghost, master GrEE
Abyss:1 Donald, Harold, Mlioglotl


Innate Abilities, Weirdness & Mutations

You are immune to sickness and miasma.
Your stone body is resilient. (AC +20)
You are immune to poison.
Your large and strong wings let you fly.
You resist negative energy. (rN+)
You are resistant to electric shocks. (rElec)
You are resistant to unholy torment.
You are immune to petrification.
Your body sometimes deteriorates upon taking damage.
You have hidden genetic potential.
Your movements are slightly less encumbered by armour. (ER -2)


Message History

(Z) Zot
Where to? (Enter - D:1, ? - help)
What level of the Dungeon? (default 1, ? - help)
There is a stone staircase leading up here.
You sense a monster nearby.
You fly upwards.
There is a stone staircase leading down here.
(D) Dungeon (T) Temple (L) Lair (S) Swamp (P) Snake Pit (M) Slime Pits (O) Orcish Mines (E) Elven Halls (V) Vaults (C) Crypt (U) Depths (H) Hell (Z) Zot
Where to? (Enter - D:1, ? - help)
What level of the Dungeon? (default 1, ? - help)
There is a stone staircase leading up here.
You fly upwards.
There is a stone staircase leading down here.
There is a stone staircase leading up here.
You fly upwards.
There is a stone staircase leading down here.
An Orb Guardian comes into view.
Casting: Spellforged Servitor (dangerous; 1% risk of failure)
Confirm with . or Enter, or press ? or * to list all spells.
You summon a servant imbued with your destructive magic!
Aiming: Dig
Press: ? - help, Shift-Dir - straight line A rock wall.
This square is covered in magical glow.
The rock shatters into small pieces.
Your spellforged servitor casts a spell at the Orb Guardian.
The iron shot hits the Orb Guardian!!
You block the Orb Guardian's attack.
Your spellforged servitor casts a spell at the Orb Guardian.
The iron shot hits the Orb Guardian!!
The Orb Guardian hits your spellforged servitor but does no damage.
Your spellforged servitor casts a spell at the Orb Guardian.
The iron shot misses the Orb Guardian.
The Orb Guardian hits your spellforged servitor!!
The Orb Guardian hits your spellforged servitor!!!
The Orb Guardian hits something!!
There is a staircase leading out of the dungeon here.
You have escaped!

....######.# #.........# #.#
...........# #.........# #.#
...........# ##.........# #.#
...........# #..........# #.#
....######.# ##.........### #.#
...........# #...........# #.#
######.##################.# #.#
#.#..................# #.#
#.....##...@...##....# #.# #
###.................## #.# ##
##############.#### #.# .#
PP..P.PP♣PP.P..# #.#
.########PP.P.♣..PP♣.P..## #.#
....#...#.P..P♣.P♣PP.P.P.#####.##
....#...#.PP..PPP♣.P.P.P#X9......
........#♣.♣.P..P.....PP#.####.##
........# ,,P♣..PPPPPP..#.#.....#


There were no monsters in sight!

Vanquished Creatures
  2 pandemonium lords
  Tiamat (Zot:1)
  2 ancient liches
  2 orbs of fire (Zot:5)
  Vashnia (Snake:3)
  9 Killer Klowns
  Xtahua (Vaults:3)
  A curse toe (Zot:4)
  Saint Roka (Snake:4)
  3 golden dragons
  A profane servitor (D:10)
  Nikola (Snake:3)
  4 electric golems
  Jorgrun (D:15)
  16 Orb Guardians (Zot:5)
  3 liches
  8 tentacled monstrosities
  2 deep elf master archers (Elf:3)
  3 deep elf blademasters
  6 quicksilver dragons
  2 titans (Vaults:5)
  7 death cobs
  5 shadow dragons
  The ghost of Pileu the Eclecticist, an adept DsFE of Sif Muna (Vaults:1)
  3 tengu reavers
  5 sphinxes
  25 storm dragons
  5 draconian monks
  5 draconian knights
  3 nagarajas
  3 iron dragons
  5 frost giants
  7 deep elf sorcerers (Elf:3)
  8 draconian scorchers
  A ghost moth (Zot:4)
  2 imperial myrmidons (Desolation)
  A deep elf elementalist (Elf:2)
  Aizul (Snake:3)
  A ghost moth (shapeshifter) (Vaults:3)
  2 draconian annihilators (Zot:1)
  6 fire giants
  4 draconian shifters
  3 orc warlords
  12 vault wardens
  2 draconian stormcallers (Zot:2)
  3 ghouls
  13 very ugly things
  A reaper (Zot:5)
  A broodmother (shapeshifter) (Vaults:5)
  19 stone giants
  20 ironbound preservers
  A quicksilver ooze (shapeshifter) (D:15)
  2 war gargoyles
  11 ironbound thunderhulks
  2 deep elf demonologists (Elf:3)
  A vampire knight (Vaults:2)
  10 green draconians
  6 purple draconians
  2 eleionomae
  4 black draconians
  9 deep elf annihilators
  A halazid warlock (Desolation)
  5 yellow draconians
  12 dire elephants
  8 spark wasps
  3 bunyips
  6 red draconians
  Azrael (D:14)
  Snorg (D:13)
  3 white draconians
  4 eidola
  9 ettins
  A crystal guardian (Desolation)
  2 entropy weavers
  7 ragged hierophants (Desolation)
  9 deep elf high priests
  3 fire dragons
  12 yaktaur captains
  12 deep elf death magi
  3 shambling mangroves (Swamp:4)
  5 great orbs of eyes
  A rakshasa (D:15)
  27 vault guards
  Erolcha (D:13)
  2 ghost crabs
  8 peacekeepers
  4 salamander tyrants
  5 servants of whispers (Desolation)
  A hell beast (Depths:1)
  18 hydras
  3 ice dragons
  2 catoblepae
  4 ogre magi
  7 centaur warriors
  11 alligators
  7 ironbound frosthearts
  13 anacondas
  Erica (D:9)
  4 boulder beetles
  11 naga warriors
  10 deep troll earth magi
  15 two-headed ogres
  6 deep troll shamans
  A death knight (D:13)
  25 dancing weapons
  A vampire mage (Depths:3)
  6 shock serpents
  A spriggan berserker (Depths:2)
  4 tengu warriors
  10 naga sharpshooters
  A soul eater (Depths:1)
  4 orc high priests (Orc:2)
  Urug (D:13)
  A skyshark (Lair:4)
  10 salamander mystics
  33 hell knights
  2 shadow wraiths (Vaults:1)
  30 deep elf knights
  Nergalle (D:10)
  A nameless horror (Vaults:1)
  2 sun demons
  2 skeletal warriors (D:13)
  12 iron trolls
  5 goliath frogs
  A sixfirhy (Depths:2)
  Lodul (D:10)
  4 bog bodies
  6 spriggan druids
  46 deep trolls
  A flayed ghost (Depths:3)
  7 swamp dragons
  2 glowing orange brains
  13 deep elf archers
  4 naga ritualists (Snake:4)
  43 deep elf pyromancers
  6 wizards
  8 lindwurms
  6 orc knights
  A harpy (shapeshifter) (D:13)
  18 ironbound convokers
  26 deep elf zephyrmancers
  4 harpies (Vaults:1)
  9 necromancers
  4 phantasmal warriors
  An iron dragon zombie (Vaults:5)
  9 mana vipers (Snake:4)
  31 salamanders
  A cyclops (D:15)
  2 oklob plants (Lair:5)
  28 ugly things
  3 orc sorcerers (Orc:2)
  A stone giant zombie (Depths:2)
  5 manticores
  A shining eye (Depths:2)
  5 will-o-the-wisps
  31 moths of wrath
  An elf zombie (Vaults:5)
  24 black mambas
  A black mamba (shapeshifter) (D:15)
  6 elephants
  16 naga magi
  An elephant (shapeshifter) (Vaults:5)
  15 vault sentinels
  Maurice (D:9)
  Joseph (D:7)
  2 molten gargoyles (Desolation)
  8 apocalypse crabs (Zot:4)
  13 guardian serpents
  An orange demon (Depths:4)
  4 unseen horrors
  13 cane toads
  A water nymph (shapeshifter) (Vaults:5)
  A gargoyle (D:11)
  2 torpor snails
  Psyche (D:9)
  A yaktaur zombie (Vaults:5)
  A cane toad (shapeshifter) (Vaults:5)
  An eye of devastation (Depths:2)
  A yaktaur (shapeshifter) (D:15)
  5 rime drakes
  2 freezing wraiths
  4 komodo dragons
  22 yaktaurs
  2 tengu conjurers
  A tormentor (Zot:4)
  3 ice devils
  A queen bee (Lair:2)
  5 meliai
  A bloated husk (Swamp:3)
  A hornet (shapeshifter) (D:15)
  9 trolls
  3 polar bears
  14 hornets
  13 tyrant leeches
  A tengu simulacrum (Depths:2)
  62 saltlings (Desolation)
  5 dream sheep
  Prince Ribbit (D:8)
  11 blink frogs
  2 air elementals (Elf:1)
  3 centaur simulacra (D:11)
  28 slime creatures
  5 water elementals
  2 wraiths
  20 spriggans
  7 wyverns
  11 humans (D:13)
  A steam dragon (D:9)
  47 yaks
  3 fire bats (Depths:1)
  Grum (D:9)
  13 basilisks
  5 fire elementals
  4 vampire mosquitoes (Swamp:1)
  Menkaure (D:4)
  2 acid dragons
  Edmund (D:4)
  3 wargs (Orc:2)
  40 nagas
  10 swamp worms
  14 water moccasins
  Duvessa (D:4)
  2 floating eyes (Depths:2)
  4 hell hounds (D:14)
  7 swamp drakes
  5 black bears
  30 orc warriors
  2 sky beasts
  41 wolves
  8 centaurs
  17 ogres
  10 boggarts
  2 kobold brigands
  7 bullfrogs
  A gnoll sergeant (D:11)
  An earth elemental (Elf:1)
  2 scorpions
  3 wights (D:7)
  38 killer bees
  3 howler monkeys
  4 electric eels
  4 hounds
  3 jellies
  2 gnoll boudas
  20 orc priests
  An iron imp (D:3)
  20 orc wizards
  Jessica (D:3)
  5 iguanas
  2 sleepcaps
  15 gnolls
  A river rat (Lair:2)
  16 adders
  2 shadow imps (D:8)
  3 white imps
  An ufetubus (D:6)
  3 worms
  3 dart slugs
  72 orcs
  6 bats
  12 endoplasms
  5 giant cockroaches
  11 goblins
  7 hobgoblins
  7 jackals
  4 quokkas
  7 ball pythons
  2 frilled lizards
  9 kobolds
  7 rats
  A fire vortex (Depths:1)
1986 creatures vanquished.

Vanquished Creatures (collateral kills)
  An orb of fire (Zot:5)
  4 ancient liches
  2 Killer Klowns (Zot:5)
  3 golden dragons (Zot:3)
  2 curse toes (Zot:4)
  10 tentacled monstrosities
  A quicksilver dragon (Vaults:5)
  8 Orb Guardians
  2 titans (Vaults:5)
  3 death cobs
  A shadow dragon (Vaults:5)
  A tengu reaver (Vaults:5)
  3 storm dragons
  A daeva (D:11)
  A draconian monk (Zot:1)
  A vault warden (Vaults:5)
  A frost giant (Zot:3)
  A draconian stormcaller (Zot:2)
  2 stone giants (Zot:3)
  2 war gargoyles (Vaults:5)
  A yellow draconian (Zot:1)
  A black draconian (Zot:1)
  4 white draconians
  A red draconian (Zot:5)
  2 spark wasps (Depths:4)
  A yaktaur captain (Vaults:5)
  A fire dragon (Depths:1)
  An entropy weaver (Vaults:5)
  A spriggan air mage (Depths:4)
  2 ice dragons
  A two-headed ogre (shapeshifter) (Vaults:5)
  A deep troll shaman (Depths:3)
  A two-headed ogre (Zot:3)
  A tengu warrior (Depths:3)
  3 hell knights
  A sun demon (Depths:2)
  2 iron trolls (Zot:3)
  5 deep trolls
  An orc knight (Vaults:5)
  A tengu skeleton (Depths:2)
  A moth of wrath (Zot:3)
  An orc sorcerer (Vaults:5)
  2 apocalypse crabs (Zot:4)
  An efreet (Zot:3)
  An ice devil (Zot:4)
  2 yaktaurs (Vaults:5)
  A red devil (Zot:3)
  2 trolls (Zot:3)
  A ynoxinul (Depths:2)
  An ogre (Orc:2)
95 creatures vanquished.

Vanquished Creatures (others)
  A golden dragon (Zot:2)
  A spriggan air mage (Depths:3)
  A black mamba (Snake:3)
  A bloated husk (Swamp:1)
  A fire bat (Depths:1)
  A vampire mosquito (Swamp:1)
  A naga (Snake:3)
  16 foxfires
  24 fungi
  69 plants
116 creatures vanquished.

Grand Total: 2197 creatures vanquished

Notes
Turn   | Place    | Note
-------+----------+-------------------------------------------
     0 | D:1      | greynaab the Gargoyle Ice Elementalist began the quest for
                  | the Orb.
     0 | D:1      | Reached XP level 1. HP: 10/10 MP: 3/3
   202 | D:1      | Reached XP level 2. HP: 15/15 MP: 1/5
   454 | D:1      | Reached XP level 3. HP: 18/19 MP: 2/6
   535 | D:1      | Learned a level 3 spell: Ozocubu's Armour
  1148 | D:2      | Learned a level 3 spell: Frozen Ramparts
  1192 | D:2      | Found a faded altar of an unknown god.
  1198 | D:2      | Prayed at the altar of an unknown god.
  1198 | D:2      | Became a worshipper of Ashenzari the Shackled
  1209 | D:2      | Reached XP level 4. HP: 24/24 MP: 5/8
  1313 | D:2      | Learned a level 1 spell: Sandblast
  1454 | D:2      | Reached skill level 1 in Earth Magic
  2229 | D:3      | Reached * piety under Ashenzari
  2229 | D:3      | Identified a scroll of acquirement
  2230 | D:3      | Acquired the +8 demon trident "Rift" {distort, reach+}
  2230 | D:3      | Found the +8 demon trident "Rift" {distort, reach+}
  2241 | D:3      | Noticed a +0 dagger
  2242 | D:3      | Noticed a +0 dagger
  2248 | D:3      | Reached XP level 5. HP: 28/28 MP: 5/11
  2297 | D:3      | Found a hide-covered altar of Uskayaw.
  2521 | D:3      | Noticed Jessica
  2526 | D:3      | Killed Jessica
  2710 | D:3      | Reached skill level 1 in Maces & Flails
  2959 | D:3      | Found a snail-covered altar of Cheibriados.
  3010 | D:3      | Learned a level 3 spell: Stone Arrow
  3034 | D:4      | Acquired 1024 gold pieces
  3060 | D:4      | Reached ** piety under Ashenzari
  3164 | D:4      | Noticed a black bear
  3169 | D:4      | Killed a black bear
  3170 | D:4      | Reached XP level 6. HP: 32/32 MP: 10/13
  3417 | D:4      | Noticed Dowan
  3451 | D:4      | Reached XP level 7. HP: 36/36 MP: 11/14
  3498 | D:4      | Noticed Edmund
  3520 | D:4      | Killed Edmund
  3642 | D:4      | Noticed Menkaure
  3648 | D:4      | Killed Menkaure
  3771 | D:4      | Noticed Duvessa
  3776 | D:4      | Killed Duvessa
  3777 | D:4      | Reached skill level 5 in Earth Magic
  3799 | D:4      | Reached XP level 8. HP: 41/41 MP: 6/15
  3806 | D:4      | Reached skill level 5 in Conjurations
  4176 | D:5      | Entered Level 5 of the Dungeon
  4573 | D:5      | Reached *** piety under Ashenzari
  5407 | D:6      | Found a stormy altar of Qazlal.
  5416 | D:6      | Noticed a wyvern
  5419 | D:6      | Killed a wyvern
  5420 | D:6      | Reached skill level 5 in Maces & Flails
  5420 | D:6      | Reached XP level 9. HP: 45/45 MP: 11/16
  5428 | D:6      | Reached **** piety under Ashenzari
  5776 | D:6      | Found a runed translucent door.
  5777 | D:6      | Noticed Crazy Yiuf
  5882 | D:7      | Noticed a hornet
  5890 | D:7      | Killed a hornet
  5995 | D:7      | Found a flagged portal.
  6056 | Bailey   | Entered a bailey
  6249 | Bailey   | Found a large runed translucent door.
  6249 | Bailey   | Found a large runed translucent door.
  6250 | Bailey   | Noticed a deep elf pyromancer
  6263 | Bailey   | Noticed an orc knight
  6273 | Bailey   | Killed an orc knight
  6388 | Bailey   | Learned a level 5 spell: Freezing Cloud
  6430 | Bailey   | Learned a level 3 spell: Ignite Poison
  6441 | Bailey   | Killed a deep elf pyromancer
  6442 | Bailey   | Reached skill level 5 in Ice Magic
  6442 | Bailey   | Reached XP level 10. HP: 25/51 MP: 16/19
  6603 | D:7      | Noticed Joseph
  6846 | D:7      | Reached skill level 10 in Conjurations
  7067 | D:7      | Found a staircase to the Ecumenical Temple.
  7326 | D:8      | Noticed Prince Ribbit
  7498 | D:8      | Killed Prince Ribbit
  7608 | D:7      | Reached skill level 6 in Ice Magic
  7974 | D:8      | Reached skill level 1 in Polearms
  8069 | D:8      | Reached skill level 7 in Ice Magic
  8383 | D:9      | Noticed Maurice
  8396 | D:9      | Killed Maurice
  8757 | D:9      | Noticed Erica
  8763 | D:9      | Killed Erica
  8764 | D:9      | Reached skill level 8 in Ice Magic
  8764 | D:9      | Reached XP level 11. HP: 55/55 MP: 16/20
  8804 | D:9      | Noticed Psyche
  8811 | D:9      | Killed Psyche
  8854 | D:9      | Noticed Grum
  8863 | D:9      | Killed Grum
  8864 | D:9      | Reached skill level 5 in Polearms
  9145 | D:9      | Reached skill level 9 in Ice Magic
  9399 | D:10     | Entered Level 10 of the Dungeon
  9451 | D:10     | Reached skill level 1 in Fighting
  9788 | D:10     | Noticed Lodul
  9829 | D:10     | Killed Lodul
 10434 | D:10     | Noticed Nergalle
 10465 | D:10     | Killed Nergalle
 10466 | D:10     | Reached skill level 5 in Spellcasting
 10959 | D:7      | Killed Joseph
 11382 | D:11     | Noticed a two-headed ogre
 11389 | D:11     | Killed a two-headed ogre
 11481 | D:11     | Reached XP level 12. HP: 71/71 MP: 19/23
 11571 | D:11     | Reached skill level 5 in Fighting
 11742 | D:11     | Found Boigg's One-of-a-Kind Rings.
 11763 | D:11     | Bought the ring of Due Proportion {rF+ rCorr MP+9 Dex+3}
                  | for 879 gold pieces
 11890 | D:11     | Identified the +2 broad axe of Tumult {freeze, Int+3 Dex+2}
 12591 | D:11     | Found a staircase to the Orcish Mines.
 12603 | D:11     | Found a staircase to the Lair.
 12611 | D:11     | Reached skill level 1 in Shields
 12885 | Lair:1   | Entered Level 1 of the Lair of Beasts
 13268 | Lair:1   | Found the +4 skin of Zhor {*Englaciate rC+++ SInv}
 13298 | Lair:1   | Noticed Harold
 13313 | Lair:1   | Banished Harold
 13314 | Lair:1   | Reached skill level 5 in Shields
 13379 | Lair:1   | Reached XP level 13. HP: 73/79 MP: 26/26
 13964 | Lair:2   | Identified Niafah's Compendium of Evil and Transmigration
 14085 | Lair:2   | Found a staircase to the Snake Pit.
 14738 | Lair:2   | Reached ***** piety under Ashenzari
 15217 | Lair:3   | Found a staircase to the Swamp.
 15962 | Lair:4   | Reached skill level 10 in Shields
 16043 | Lair:4   | Reached ****** piety under Ashenzari
 16192 | Lair:4   | Gained mutation: Your large and strong wings let you fly.
                  | [Gargoyle growth]
 16192 | Lair:4   | Reached XP level 14. HP: 84/88 MP: 30/30
 16509 | Lair:4   | Identified the +1 cloak "Zivunwi" {*Corrode Will+++ SInv
                  | Stlth+}
 16716 | Lair:5   | Entered Level 5 of the Lair of Beasts
 17248 | Lair:5   | Reached skill level 10 in Ice Magic
 17277 | Lair:5   | Identified the ring "Uppoufus" {rCorr Str+5 Int+3 Dex+3}
 17620 | Lair:5   | Found a staircase to the Slime Pits.
 18482 | Orc:1    | Entered Level 1 of the Orcish Mines
 18879 | Orc:2    | Entered Level 2 of the Orcish Mines
 18886 | Orc:2    | Noticed Donald
 19079 | Orc:2    | Banished Donald
 19263 | Orc:2    | Found a staircase to the Elven Halls.
 19513 | Orc:2    | Reached skill level 1 in Armour
 19776 | Orc:2    | Reached skill level 11 in Ice Magic
 19808 | Orc:2    | Reached XP level 15. HP: 95/95 MP: 26/32
 19814 | Orc:2    | Noticed an orc warlord
 19820 | Orc:2    | Killed an orc warlord
 20196 | Orc:2    | Found Mudiwkor's Antique Armour Shop.
 20199 | Orc:2    | Found Anaostit's Antique Weapon Boutique.
 20202 | Orc:2    | Found Tesu's General Store.
 20202 | Orc:2    | Found Sophejew's Book Shop.
 20229 | Orc:2    | Bought a Young Poisoner's Handbook for 280 gold pieces
 20232 | Orc:2    | Learned a level 2 spell: Poisonous Vapours
 20237 | Orc:2    | Learned a level 4 spell: Olgreb's Toxic Radiance
 20482 | Snake:1  | Entered Level 1 of the Snake Pit
 20548 | Snake:1  | Reached skill level 1 in Poison Magic
 20989 | Snake:1  | Found Ceidy's Book Emporium.
 20991 | Snake:1  | Found Asaghizu's Jewellery Boutique.
 20992 | Snake:1  | Found Qaduloix's Book Emporium.
 21003 | Snake:1  | Bought the amulet "Eraigh" {Reflect Regen+ rCorr Int-2
                  | SH+5} for 460 gold pieces
 21003 | Snake:1  | Bought the ring of the Burgomaster {+Blink rF+ MP+9} for
                  | 694 gold pieces
 21125 | Snake:1  | Reached skill level 15 in Shields
 21290 | Snake:1  | Found Qanibras's Antique Weapon Emporium.
 21450 | Snake:2  | Learned a level 9 spell: Polar Vortex
 21458 | Snake:2  | Learned a level 7 spell: Ozocubu's Refrigeration
 21930 | Snake:2  | Noticed a nagaraja
 21945 | Snake:2  | Killed a nagaraja
 21946 | Snake:2  | Reached skill level 5 in Armour
 22623 | Snake:2  | Noticed a nagaraja
 22630 | Snake:2  | Banished a nagaraja
 22882 | Snake:3  | Noticed Vashnia
 22990 | Snake:3  | Reached XP level 16. HP: 91/97 MP: 32/32
 22992 | Snake:3  | Reached skill level 12 in Ice Magic
 23017 | Snake:3  | Noticed Nikola
 23027 | Snake:3  | Killed Nikola
 23655 | Snake:3  | Killed Vashnia
 23716 | Snake:3  | Found Ubrobac's Antique Armour Emporium.
 23722 | Snake:3  | Found Syst's Jewellery Shoppe.
 23756 | Snake:3  | Reached skill level 5 in Poison Magic
 23759 | Snake:3  | Noticed Aizul
 23772 | Snake:3  | Killed Aizul
 24172 | Snake:4  | Entered Level 4 of the Snake Pit
 24490 | Snake:4  | Reached skill level 5 in Dodging
 24668 | Snake:4  | Noticed Mlioglotl
 24680 | Snake:4  | Banished Mlioglotl
 24817 | Snake:4  | Noticed Saint Roka
 24852 | Snake:4  | Killed Saint Roka
 24853 | Snake:4  | Reached skill level 13 in Ice Magic
 25000 | Snake:4  | Noticed a nagaraja
 25007 | Snake:4  | Killed a nagaraja
 25237 | Snake:4  | Reached XP level 17. HP: 104/104 MP: 34/34
 25448 | Snake:4  | Reached skill level 14 in Ice Magic
 25598 | Snake:4  | Reached skill level 15 in Ice Magic
 25601 | Snake:4  | Got a serpentine rune of Zot
 25820 | Swamp:1  | Entered Level 1 of the Swamp
 26674 | Swamp:2  | Reached skill level 16 in Ice Magic
 27347 | Swamp:3  | Noticed a tentacled monstrosity
 27484 | Swamp:2  | Reached skill level 17 in Ice Magic
 27661 | Swamp:3  | Reached XP level 18. HP: 110/110 MP: 35/35
 27865 | Swamp:3  | Killed a tentacled monstrosity
 28042 | Swamp:4  | Entered Level 4 of the Swamp
 28203 | Swamp:4  | Reached skill level 18 in Ice Magic
 28671 | Swamp:4  | Reached skill level 19 in Ice Magic
 28938 | Swamp:4  | Got a decaying rune of Zot
 29460 | D:12     | Identified the +3 quarterstaff "Veump" {pain, rElec rPois
                  | Int-4 SInv}
 30360 | D:13     | Found a gate to the Vaults.
 30466 | D:13     | Noticed Urug
 30471 | D:13     | Killed Urug
 30635 | D:13     | Noticed Erolcha
 30641 | D:13     | Killed Erolcha
 30649 | D:13     | Noticed Snorg
 30654 | D:13     | Killed Snorg
 30792 | D:14     | Noticed Azrael
 30794 | D:14     | Reached skill level 20 in Ice Magic
 30794 | D:14     | Killed Azrael
 30922 | D:14     | Found a portal to a secret trove of treasure.
 31065 | D:14     | Found a runed translucent gate.
 31065 | D:14     | Found a runed translucent gate.
 31065 | D:14     | Found a runed translucent gate.
 31588 | D:15     | Entered Level 15 of the Dungeon
 31607 | D:15     | Reached XP level 19. HP: 115/115 MP: 36/36
 31895 | D:15     | Found a staircase to the Depths.
 32023 | D:15     | Reached skill level 21 in Ice Magic
 32504 | D:15     | Noticed Jorgrun
 32513 | D:15     | Killed Jorgrun
 32663 | D:15     | Acquired 1062 gold pieces
 32798 | Elf:1    | Entered Level 1 of the Elven Halls
 32808 | Elf:1    | Learned a level 5 spell: Irradiate
 33477 | Elf:1    | Paralysed by an air elemental for 1 turns
 33810 | Elf:1    | Reached skill level 10 in Spellcasting
 34356 | Elf:2    | Found a runed translucent gate.
 34358 | Elf:2    | Found a runed translucent gate.
 34363 | Elf:2    | Found a runed translucent gate.
 34639 | Elf:2    | Reached skill level 22 in Ice Magic
 34892 | Elf:2    | Found a gateway to a bazaar.
 34914 | Bazaar   | Entered a bazaar
 34914 | Bazaar   | Found Mipleas's Antique Weapon Shoppe.
 34914 | Bazaar   | Found Liuczo's Assorted Antiques.
 34915 | Bazaar   | Found Zilol Loe's Armour Emporium.
 34915 | Bazaar   | Found Mec Osom's Antique Armour Emporium.
 34932 | Bazaar   | Bought a translucent scarf for 250 gold pieces
 34932 | Bazaar   | Identified the scarf "Fukil" {rC+ rF+, Will+} (You bought
                  | it in a shop in a bazaar)
 34932 | Bazaar   | Bought a runed hat for 175 gold pieces
 34942 | Bazaar   | Bought a scroll labelled BOVVIJ DIPPAAN for 21 gold pieces
 34942 | Bazaar   | Bought a scroll of immolation for 84 gold pieces
 34942 | Bazaar   | Bought a scroll of teleportation for 63 gold pieces
 35102 | Elf:2    | Reached XP level 20. HP: 120/120 MP: 39/39
 35342 | Elf:2    | Gained mutation: Armour fits poorly on your strangely
                  | shaped body. [mutagenic glow]
 35830 | Elf:3    | Entered Level 3 of the Elven Halls
 36856 | Elf:3    | Identified the +5 flail of Upheaval {spect, rElec}
 36856 | Elf:3    | Identified the ring "Ifavus" {rC+ rCorr}
 36876 | Elf:3    | Reached skill level 23 in Ice Magic
 37350 | Elf:3    | Identified the +8 scimitar "Mehopiar" {heavy, Int+5}
 37350 | Elf:3    | Identified the ring of Betwoin {rElec rPois rF+ rC+ SInv}
 37482 | Elf:3    | Identified the Secrets of Summoned Hypothermia
 37483 | Elf:3    | Identified the Discursus on the Terrestrial Boggart
 37483 | Elf:3    | Identified the staff of death "Pedghul" {+Blink rPois rN+
                  | Str+6 Dex-4}
 37483 | Elf:3    | Identified the staff of poison "Wedoating" {rElec rPois
                  | rF+}
 37485 | Elf:3    | Identified the staff of air "Ukloen" {rElec Int+3 Dex+2}
 37542 | Elf:3    | Identified the +3 quarterstaff of Ignis's Supremacy {drain,
                  | rCorr Str+3}
 37855 | Vaults:1 | Entered Level 1 of the Vaults
 38126 | Vaults:1 | Reached XP level 21. HP: 124/124 MP: 43/43
 38608 | Vaults:1 | Found a runed translucent gate.
 38608 | Vaults:1 | Found a runed translucent gate.
 38608 | Vaults:1 | Found a runed translucent gate.
 38609 | Vaults:1 | Noticed Pileu's ghost (adept DsFE)
 38609 | Vaults:1 | Identified the ring "Caimurag" {rPois Int+3 Dex+6 Stlth-}
 38831 | Vaults:1 | Identified the +1 chain mail of Integrity {*Slow rElec
                  | Regen+ Str+4}
 39055 | Vaults:1 | Reached skill level 24 in Ice Magic
 39758 | Vaults:2 | Found a staircase to the Crypt.
 40615 | Vaults:2 | Reached skill level 25 in Ice Magic
 41117 | Vaults:3 | Noticed Xtahua
 41131 | Vaults:3 | Killed Xtahua
 41203 | Vaults:3 | Found a flickering gateway to a bazaar.
 41215 | Bazaar   | Entered a bazaar
 41281 | Bazaar   | Found Faamik's Book Boutique.
 41285 | Bazaar   | Found Faoneuq's Assorted Antiques.
 41285 | Bazaar   | Found Ekhlaum's Armour Boutique.
 41286 | Bazaar   | Found Nekaesel's Jewellery Boutique.
 41319 | Bazaar   | Bought a scroll of magic mapping for 210 gold pieces
 41319 | Bazaar   | Bought a potion of resistance for 280 gold pieces
 41319 | Bazaar   | Bought a warped golden amulet for 140 gold pieces
 41319 | Bazaar   | Identified the amulet of the Sparrow {Spirit rF+ Str+4
                  | Stlth-} (You bought it in a shop in a bazaar)
 41319 | Bazaar   | Bought a heavily runed copper amulet for 140 gold pieces
 41319 | Bazaar   | Identified the amulet of Immorality {Spirit rC+} (You
                  | bought it in a shop in a bazaar)
 41319 | Bazaar   | Bought a wand of roots (3) for 201 gold pieces
 41600 | Vaults:3 | Identified the +1 quarterstaff "Bomieneg" {freeze, *Rage
                  | rElec rPois}
 41716 | Vaults:3 | Reached XP level 22. HP: 130/130 MP: 45/45
 42049 | Vaults:3 | Acquired 529 gold pieces
 42742 | Vaults:4 | Found a crumbling gateway.
 42749 | Desolati | Entered the Desolation of Salt
 43115 | Desolati | Identified the +4 chain mail of Dishonesty {Harm Dex+4}
 43156 | Desolati | Identified the Exposition on the Lofty Damned
 43156 | Desolati | Identified the Folio of the Birds
 43275 | Desolati | Reached skill level 26 in Ice Magic
 43495 | Desolati | Found the +27 heavy crossbow "Sniper" {heavy, Acc+∞ SInv}
 43552 | Desolati | Identified the ring "Zaptiuh" {rPois rCorr}
 43639 | Desolati | Identified the ring "Zappil" {*Corrode rElec rF+++ Str+3
                  | SInv}
 43660 | Desolati | Identified the staff of fire "Zufeotty" {rF+ Int+4}
 43774 | Desolati | Identified the Incunabulum of Metal and Creation
 43774 | Desolati | Identified the Discourse on Assaults
 44319 | Vaults:4 | Found Rezxera's Assorted Antiques.
 44355 | Vaults:4 | Learned a level 7 spell: Spellforged Servitor
 44528 | Vaults:4 | Reached skill level 1 in Summonings
 45440 | Vaults:5 | Entered Level 5 of the Vaults
 45446 | Vaults:5 | Reached skill level 1 in Evocations
 45449 | Vaults:5 | Reached XP level 23. HP: 121/135 MP: 46/46
 45454 | Vaults:5 | Noticed an ancient lich
 45505 | Vaults:5 | Reached skill level 27 in Ice Magic
 45515 | Vaults:5 | Noticed an ancient lich
 45525 | Vaults:5 | Killed an ancient lich
 45533 | Vaults:5 | Learned a level 5 spell: Borgnjor's Vile Clutch
 45541 | Vaults:5 | Learned a level 6 spell: Iron Shot
 45555 | Vaults:5 | Reached skill level 5 in Summonings
 45761 | Vaults:5 | Identified the staff of fire "Vaennucy" {rF+ rC+ MP+9
                  | Str-4}
 45762 | Vaults:5 | Identified the Octavo of the Mutated Gift
 45762 | Vaults:5 | Identified the +4 spear of Laceration {speed, rF++}
 45762 | Vaults:5 | Identified the amulet "Wezul Vae" {rElec Regen+ Dex+5
                  | Slay-2}
 45763 | Vaults:5 | Identified the Almanac of Ghoulish Battling
 45763 | Vaults:5 | Identified the +6 plate armour of Lethargy {Str+4 Slay+2}
 45821 | Vaults:5 | Identified Sif Muna's Volume of Superposition
 45844 | Vaults:5 | Learned a level 2 spell: Blink
 45909 | Vaults:5 | Reached skill level 5 in Evocations
 45943 | Vaults:5 | Identified the ring "Taso" {rPois rF+}
 46809 | Vaults:5 | Identified the staff of fire "Lifuh" {rPois rF+ Str-5
                  | Dex+5}
 46810 | Vaults:5 | Identified the ring "Isocken" {Wiz rCorr Dex-4 SInv}
 47054 | Vaults:5 | Killed an ancient lich
 47393 | Vaults:5 | Got a silver rune of Zot
 47475 | Vaults:5 | Noticed a golden dragon
 47484 | Vaults:5 | Noticed an ancient lich
 47489 | Vaults:5 | Identified the +7 quarterstaff of Recaqam {freeze, rN+
                  | Str+4}
 47489 | Vaults:5 | Identified the ring of Birdsong {rF+ rC+}
 47710 | Vaults:5 | Killed a golden dragon
 48268 | Vaults:5 | Killed an ancient lich
 48792 | Depths:1 | Entered Level 1 of the Depths
 48793 | Depths:1 | Acquired the +8 tower shield of Myraiblu {rC- rN++ rCorr
                  | Dex-4}
 48855 | Depths:1 | Reached XP level 24. HP: 134/140 MP: 46/46
 49193 | Depths:1 | Identified the +8 longbow of Rubliel {speed, Str+3}
 49260 | Depths:1 | Found a one-way gate to the infinite horrors of the Abyss.
 49525 | Depths:1 | Reached skill level 10 in Summonings
 49879 | Vaults:1 | Killed Pileu's ghost
 49987 | D:14     | You paid a toll of +3 fire dragon scales to enter a
                  | treasure trove
 49988 | Trove    | Entered a treasure trove
 50004 | Trove    | Identified the amulet of Zedutec {Faith Regen+ Str+2 Int+2
                  | Dex+2}
 50004 | Trove    | Identified the amulet "Oxzeshoe" {Spirit Will- Str+4}
 50028 | Trove    | Identified the +4 short sword of Indomitability {antimagic,
                  | rF+ rN+ rCorr}
 50399 | Depths:1 | Found a gateway to Hell.
 50400 | Depths:1 | Found the +8 trident of the Octopus King {venom, rElec
                  | rPois}
 50586 | Depths:1 | Reached skill level 10 in Evocations
 50774 | Depths:2 | Found a one-way gate leading to the halls of Pandemonium.
 51258 | Depths:2 | Found a one-way gateway to a ziggurat.
 51261 | Depths:2 | Paralysed by a floating eye for 2 turns
 52430 | Snake:3  | Bought a runed helmet for 300 gold pieces
 52430 | Snake:3  | Bought a pair of glowing gloves for 300 gold pieces
 53710 | Depths:3 | Found Zainwuzu's General Store.
 53714 | Depths:3 | Found Xiumil's Jewellery Emporium.
 53824 | Depths:3 | Found a corrupted altar of Lugonu.
 53883 | Depths:3 | Found a runed translucent door.
 53890 | Depths:3 | Noticed lmSkywalker's ghost (adept DrTm)
 53896 | Depths:3 | Noticed a dread lich
 53905 | Depths:3 | Found a runed translucent door.
 53944 | Depths:3 | Identified the +2 falchion "Qivuang" {vamp, +Blink Will+
                  | MP-9}
 53946 | Depths:3 | Identified the +0 hat of the Desert {rN+}
 54268 | Depths:4 | Entered Level 4 of the Depths
 54458 | Depths:4 | Found a transporter.
 54459 | Depths:4 | Noticed a juggernaut
 54474 | Depths:4 | Found a bloodstained altar of Trog.
 54474 | Depths:4 | Noticed strangelove's ghost (master GrEE)
 54500 | Depths:4 | Noticed a juggernaut
 54526 | Depths:4 | Reached XP level 25. HP: 145/145 MP: 46/46
 54563 | Depths:4 | Reached skill level 1 in Necromancy
 54635 | Depths:4 | Reached skill level 15 in Conjurations
 55777 | Depths:4 | Found a transporter.
 55856 | Depths:4 | Found a gate to the Realm of Zot.
 56053 | Depths:4 | Found a broken altar of Ashenzari.
 56457 | Zot:1    | Entered Level 1 of the Realm of Zot
 56862 | Zot:1    | Reached skill level 10 in Earth Magic
 57801 | Zot:1    | Identified the ring "Puree" {Ice Int-4 Dex+3 Slay+3}
 57972 | Zot:1    | Reached skill level 5 in Necromancy
 58133 | Zot:1    | Found the +4 dragonskin cloak
 58133 | Zot:1    | Noticed Tiamat
 58297 | Zot:1    | Killed Tiamat
 59479 | Zot:2    | Reached XP level 26. HP: 81/153 MP: 22/46
 61710 | Zot:3    | Gained mutation: You occasionally lose the ability to drink
                  | potions when taking damage. [mutagenic glow]
 61724 | Zot:3    | Reached skill level 10 in Dodging
 61732 | Zot:3    | Gained mutation: You are frail. (-10% HP) [mutagenic glow]
 61748 | Zot:3    | Gained mutation: Your body sometimes deteriorates upon
                  | taking damage. [mutagenic glow]
 62275 | Zot:4    | Noticed a Killer Klown
 62284 | Zot:4    | Killed a Killer Klown
 62302 | Zot:4    | Reached skill level 10 in Fighting
 63320 | Zot:4    | Lost mutation: You are frail. (-10% HP) [potion of
                  | mutation]
 63320 | Zot:4    | Lost mutation: Armour fits poorly on your strangely shaped
                  | body. [potion of mutation]
 63320 | Zot:4    | Gained mutation: You have an increased reservoir of magic.
                  | (+10% MP) [potion of mutation]
 63320 | Zot:4    | Gained mutation: Your muscles are strong. (Str +4, Int/Dex
                  | -1) [potion of mutation]
 63321 | Zot:4    | Lost mutation: You have an increased reservoir of magic.
                  | (+10% MP) [potion of mutation]
 63321 | Zot:4    | Lost mutation: Your muscles are strong. (Str +4, Int/Dex
                  | -1) [potion of mutation]
 63321 | Zot:4    | Lost mutation: You occasionally lose the ability to drink
                  | potions when taking damage. [potion of mutation]
 63321 | Zot:4    | Lost mutation: Your body sometimes deteriorates upon taking
                  | damage. [potion of mutation]
 63321 | Zot:4    | Gained mutation: You occasionally shout uncontrollably at
                  | your foes. [potion of mutation]
 63321 | Zot:4    | Gained mutation: You have a pair of small antennae on your
                  | head. [potion of mutation]
 63762 | Zot:4    | Paralysed by you for 5 turns
 63774 | Zot:4    | Identified the Guidebook on Shapeshifting
 63774 | Zot:4    | Identified the +2 plate armour of the Sneaky Beasts {Regen+
                  | Int+2}
 63774 | Zot:4    | Identified the staff of cold "Tiupiazi" {rC+ rCorr}
 63872 | Zot:5    | Entered Level 5 of the Realm of Zot
 64969 | Zot:5    | Noticed an ancient lich
 64975 | Zot:5    | Killed an ancient lich
 64992 | Zot:5    | Noticed an ancient lich
 64994 | Zot:5    | Killed an ancient lich
 64995 | Zot:5    | Reached XP level 27. HP: 168/168 MP: 46/46
 65425 | Zot:5    | Noticed an orb of fire
 65449 | Zot:5    | Killed an orb of fire
 66032 | Zot:5    | Identified the +7 war axe of Vengeance {holy, Str-5 Int+3
                  | Dex+3}
 66162 | Zot:5    | Noticed an orb of fire
 66168 | Zot:5    | Gained mutation: Your spells are a little harder to cast,
                  | but a little more powerful. [an orb of fire]
 66169 | Zot:5    | Killed an orb of fire
 66724 | Zot:5    | Noticed an orb of fire
 66750 | Zot:5    | Gained mutation: Your movements are slightly less
                  | encumbered by armour. (ER -2) [an orb of fire]
 66752 | Zot:5    | Gained mutation: Your body sometimes deteriorates upon
                  | taking damage. [an orb of fire]
 66773 | Zot:5    | Killed an orb of fire
 66867 | Zot:5    | Noticed an ancient lich
 66884 | Zot:5    | Killed an ancient lich
 67049 | Zot:5    | Identified The Highest Levels of Gnosis
 67139 | Zot:5    | Lost mutation: Your spells are a little harder to cast, but
                  | a little more powerful. [potion of mutation]
 67139 | Zot:5    | Lost mutation: You occasionally shout uncontrollably at
                  | your foes. [potion of mutation]
 67139 | Zot:5    | Gained mutation: Your spells are a little easier to cast,
                  | but a little less powerful. [potion of mutation]
 67140 | Zot:5    | Lost mutation: Your spells are a little easier to cast, but
                  | a little less powerful. [potion of mutation]
 67140 | Zot:5    | Lost mutation: You have a pair of small antennae on your
                  | head. [potion of mutation]
 67140 | Zot:5    | Gained mutation: You have hidden genetic potential. [potion
                  | of mutation]
 67141 | Zot:5    | Got the Orb of Zot
 67207 | Zot:4    | Noticed Pausmuwoa the pandemonium lord
 67212 | Zot:4    | Killed Pausmuwoa the pandemonium lord
 67425 | Depths:2 | Noticed Kipetzog the pandemonium lord
 67430 | Depths:2 | Killed Kipetzog the pandemonium lord
 67847 | D:$      | Escaped with the Orb!

Illustrated notes

Levels and vault maps discovered:
D:1:      minmay_arrival_arboretum_small, layout_basic, minmay_misc_feat_rows
D:2:      layout_basic, chequers_ecumenical_altar_simple, serial_bayou_crossing
D:3:      layout_rooms, slow_altar_2, dancing_weapons_uskayaw, st_stairs_12,
          saegor_snake_ambush, uniq_jessica
D:4:      layout_basic, uniq_menkaure, uniq_duvessa, uniq_edmund
D:5:      layout_gridville
D:6:      layout_basic, grunt_qazlal_clouds, due_unseen_surprise,
          uniq_crazy_yiuf_cottage
D:7:      layout_gridville, minmay_temple_entry_offerings, enter_bailey_5,
          uniq_joseph
D:8:      layout_cave_pools, item_on_display_a, uniq_prince_ribbit1
D:9:      layout_basic, uniq_psyche, uniq_maurice, uniq_grum, uniq_erica
D:10:     layout_loops_corners, nicolae_figureground_pulse, uniq_nergalle,
          uniq_lodul
D:11:     minmay_coctagon, layout_basic, minmay_lair_entry_grove, orc_0_dummy,
          portal_ice_cave_demonic_guard, nicolae_shop_unique_rings
D:12:     layout_loops_corners
D:13:     layout_basic, ximxim_vaults_locker_room, uniq_erolcha, uniq_snorg,
          uniq_urug
D:14:     layout_rooms, enter_trove_0, hangedman_decor_growths,
          ploomutoo_gammafunk_ghost_potion_laboratory, uniq_azrael
D:15:     gammafunk_enter_depths_forms, layout_irregular_city,
          ebering_dispersal_statue_hall, fungi_pond_lemuel, uniq_jorgrun
Lair:1:   minmay_lair_venomous_thicket, layout_loops_ring,
          hellmonk_guarded_unrand_zhor, uniq_harold
Lair:2:   regret_index_combs_of_tragedy, layout_big_grid,
          nicolae_snake_entry_squirm, infiniplex_staircase_pool,
          serial_bayou_shore_a
Lair:3:   layout_cave_pods, minmay_swamp_entry_wisps
Lair:4:   layout_roguey
Lair:5:   minmay_lair_end_enchanted_forest, layout_misc_corridors,
          minmay_slime_entry_oklob_open, grunt_megastairs_5
Swamp:1:  layout_basic_swamp, hangedman_swamp_ruin_wall, swamp_pool1
Swamp:2:  layout_falls_marsh, evilmike_swamp_ruin_house_3
Swamp:3:  layout_falls_marsh, infiniplex_staircase_pool_2
Swamp:4:  swamp, layout_basic_swamp
Snake:1:  layout_onion, serial_shops, nicolae_lakefront_shop, minmay_shop_grove
Snake:2:  layout_layer_cave, nicolae_triple_integral
Snake:3:  layout_rooms, nicolae_snake_gridmaze_swirls, minmay_shoptagon,
          uniq_vashnia, uniq_nikola, uniq_aizul
Snake:4:  snake_pit_salamanders_mu, layout_cave_town, uniq_saint_roka,
          uniq_mlioglotl
Orc:1:    layout_caves, basic_altar, nicolae_orc_sculptors_studio
Orc:2:    st_orc_congregation, layout_caves, uniq_donald
Elf:1:    layout_loops_corners, minmay_elf_crystal_heptagon
Elf:2:    nicolae_elf_blades_splatter_lattice
          [nicolae_vaults_blade_armed_guards], layout_geoelf_octagon,
          serial_shops, bzr_firewalk, kennysheep_underground_church
Elf:3:    minmay_elf_hall_dome, layout_geoelf_castle
Vaults:1: gammafunk_ghost_spectres, v_misc_16, nicolae_vaults_library_corner,
          v_misc_3, vaults_mumra_minichess_inversion, vaults_dpeg_diagonal,
          v_pattern_2, hangedman_vaults_hat, nicolae_vaults_more_shelving_2,
          v_misc_24, nicolae_vaults_hallways_thing, grunt_vaults_funnel,
          layout_vaults_maze
Vaults:2: minmay_crypt_entry_simple_statues, nicolae_vaults_storage_closets_1,
          v_misc_24, vaults_dpeg_doors, v_misc_22, vaults_room_stairs_pillars,
          layout_vaults_omnigrid
Vaults:3: nicolae_vaults_two_Ls, nicolae_vaults_mitosis,
          vaults_room_grunt_arrival_ludios, nicolae_vaults_house_2,
          nicolae_vaults_network_quinsquares
          [nicolae_vaults_network_quincunx_subvault,
          nicolae_vaults_network_quincunx_subvault,
          nicolae_vaults_network_quincunx_subvault,
          nicolae_vaults_network_quincunx_subvault], vaults_mumra_chevron_long,
          nicolae_vaults_stepped_doors, hangedman_vaults_nails,
          vaults_dpeg_emergency_exit, v_misc_1, grunt_vaults_hallway_long,
          nicolae_vaults_cochlea, layout_vaults_ring, serial_shops,
          freezing_bzr, uniq_xtahua
Vaults:4: portal_desolation_entry_nicolae_slug,
          nicolae_vaults_shrinking_rooms_1, nicolae_vaults_little_squares_6,
          nicolae_vaults_prndl, nicolae_vaults_tetromino_T_2,
          vaults_room_hallway, v_rooms_3, vaults_dpeg_encased_lava,
          nicolae_vaults_trapezoid_1, layout_vaults_big_room, serial_shops,
          nicolae_shop_dealshenge
Vaults:5
Depths:1: layout_gridlike, hellmouth_1, abyss_entry, statue_in_the_mist_lemuel,
          kennysheep_two_boxes, kennysheep_random_hallway
Depths:2: grunt_bruiser_brothers, layout_gridlike, enter_ziggurat_c, pan_entry,
          hangedman_glass_teeth, pf_hell_entry_great_geh
Depths:3: nzn_winding_woodlands_small [nzn_winding_woodlands_5x15_garden,
          nzn_winding_woodlands_center_diamonds,
          nzn_winding_woodlands_5x15_twine], layout_gridlike,
          muffindrake_ghost_dual_entry, abyss_entry_flame_altar,
          grunt_metal_band, kennysheep_donut, infiniplex_staircase_river,
          minmay_shop_star
Depths:4: evilmike_zot_entry_basic, layout_basic, nicolae_ashenzari_skybound,
          hell_entry, gammafunk_ghost_wrathful_warriors
Zot:1:    layout_cathedral_of_symmetry, grunt_megastairs_1, uniq_tiamat
Zot:2:    layout_gridlike, evilmike_ambush [evilmike_ambush_outer_pillars,
          evilmike_ambush_inner_wall_2], grunt_megastairs_4
Zot:3:    lemuel_halls_of_wrath, layout_twisted_circle, st_stairs_7,
          lemuel_elevator
Zot:4:    gammafunk_mikee_crab_dinner, layout_gridlike, lemuel_flame_loot_1
Zot:5:    layout_misc_corridors

Skill      XL: |  1  2  3  4  5  6  7  8  9 10 11 12 13 14 15 16 17 18 19 20 21 22 23 24 25 26 27 |
---------------+----------------------------------------------------------------------------------+-----
Spellcasting   | 3 5 7 8 10 13 14 | 14.9
Earth Magic    | 2 3 4 5 6 7 8 12 | 12.0
Maces & Flails | 1 2 3 5 6 7 |  7.3
Conjurations   | 2 3 4 7 9 10 14 16 | 16.4
Ice Magic      | 5 8 9 11 13 17 20 22 23 25 26 27 | 27.0
Polearms       | 4 7 8 9 |  9.8
Fighting       | 4 6 7 11 12 | 12.8
Shields        | 5 10 14 15 16 17 20 21 | 21.9
Armour         | 2 5 7 |  7.5
Poison Magic   | 4 5 |  5.4
Dodging        | 3 6 7 11 13 | 13.5
Summonings     | 4 9 10 | 10.7
Evocations     | 2 8 10 | 10.3
Necromancy     | 5 |  5.5
Stealth        | |  2.1

Action                     |  1- 3 |  4- 6 |  7- 9 | 10-12 | 13-15 | 16-18 | 19-21 | 22-24 | 25-27 || total
---------------------------+-------+-------+-------+-------+-------+-------+-------+-------+-------++-------
  Melee: Unarmed           |     1 |       |       |       |       |       |       |       |       ||     1
         Hand axe          |    13 |       |       |       |       |       |       |       |       ||    13
         Staff             |     3 |       |    10 |       |       |       |       |       |       ||    13
         Demon trident     |       |       |       |   361 |  1164 |   928 |   861 |   991 |   697 ||  5002
         Punch             |       |       |       |     4 |       |       |       |       |       ||     4
  Throw: Dart              |       |       |       |    32 |    10 |     2 |       |       |       ||    44
   Cast: Freeze            |    42 |     2 |       |       |       |       |       |       |       ||    44
         Ozocubu's Armour  |     1 |       |     1 |       |     1 |     1 |       |       |       ||     4
         Sandblast         |       |    85 |   115 |    92 |       |       |       |       |       ||   292
         Stone Arrow       |       |       |    14 |     9 |     1 |       |     6 |     4 |       ||    34
         Ignite Poison     |       |       |       |     6 |     3 |    32 |   111 |   130 |   111 ||   393
         Freezing Cloud    |       |       |       |     3 |    71 |   103 |    40 |    12 |    15 ||   244
         Poisonous Vapours |       |       |       |       |       |    66 |   130 |   165 |   207 ||   568
         Ozocubu's Refrige |       |       |       |       |       |    15 |    24 |    91 |    49 ||   179
         Olgreb's Toxic Ra |       |       |       |       |       |     9 |    55 |    48 |    31 ||   143
         Irradiate         |       |       |       |       |       |       |    32 |     3 |     3 ||    38
         Polar Vortex      |       |       |       |       |       |       |     3 |     8 |     2 ||    13
         Spellforged Servi |       |       |       |       |       |       |       |    21 |    75 ||    96
         Borgnjor's Vile C |       |       |       |       |       |       |       |    31 |    77 ||   108
         Iron Shot         |       |       |       |       |       |       |       |    11 |    27 ||    38
         Blink             |       |       |       |       |       |       |       |       |     1 ||     1
 Invoke: Curse Item        |       |     3 |     4 |     2 |     7 |     1 |       |       |       ||    17
         Shatter the Chain |       |       |       |     3 |     4 |       |       |       |       ||     7
  Evoke: Wand              |       |       |    14 |     1 |     3 |       |     4 |       |    27 ||    49
         Box of beasts     |       |       |       |       |     1 |       |     1 |       |     1 ||     3
         Phial of floods   |       |       |       |       |     1 |       |       |       |       ||     1
         Tin of tremorston |       |       |       |       |       |       |       |     2 |       ||     2
         Phantom mirror    |       |       |       |       |       |       |       |       |     1 ||     1
    Use: Scroll            |       |     2 |       |     2 |     3 |     5 |     5 |    11 |    13 ||    41
         Potion            |       |       |       |     1 |       |     2 |     4 |     6 |    10 ||    23
   Stab: Sleeping          |       |       |       |     8 |    19 |    15 |    10 |    13 |     2 ||    67
         Distracted        |       |       |       |     3 |     7 |     7 |     7 |     8 |    19 ||    51
         Held in net/web   |       |       |       |     1 |       |       |       |       |       ||     1
         Invisible         |       |       |       |       |       |       |     2 |     2 |     2 ||     6
 Armour: Robe              |    12 |    16 |    19 |   147 |       |       |       |       |       ||   194
         Animal skin       |       |       |       |       |   132 |   153 |    92 |   156 |   150 ||   683
  Dodge: Dodged            |    25 |    23 |    48 |   158 |   103 |   124 |   133 |   161 |   184 ||   959
  Block: Other             |       |       |       |    17 |       |       |       |       |       ||    17
         Kite shield       |       |       |       |    47 |   436 |   372 |   379 |   410 |   370 ||  2014
         Reflection        |       |       |       |     3 |    39 |    55 |    91 |    43 |    18 ||   249

Table legend: (Time is in decaauts)
 A = Elapsed time spent in this place.
 B = Non-inter-level travel time spent in this place.
 C = Inter-level travel time spent in this place.
 D = Time resting spent in this place.
 E = Time spent auto-exploring this place.
 F = Levels seen in this place.
 G = Mean time per level.
                   A        B        C        D        E       F      G
               +--------+--------+--------+--------+--------+-----+--------+
         Total |  66741 |  58822 |   7919 |   9957 |  33570 |  52 | 1283.5 |
       Dungeon |  17392 |  14829 |   2563 |   1530 |  10402 |  15 | 1159.5 |
          Lair |   5879 |   5222 |    657 |    304 |   3515 |   5 | 1175.8 |
         Swamp |   3089 |   2643 |    446 |    487 |   1312 |   4 |  772.2 |
     Snake Pit |   5207 |   4555 |    652 |    584 |   2543 |   4 | 1301.8 |
  Orcish Mines |   1876 |   1696 |    180 |    273 |    888 |   2 |  938.0 |
   Elven Halls |   4786 |   4062 |    724 |    837 |   2005 |   3 | 1595.3 |
        Vaults |   8949 |   8035 |    914 |    971 |   4899 |   5 | 1789.8 |
        Depths |   6926 |   6264 |    662 |    965 |   4201 |   4 | 1731.5 |
           Zot |  10469 |   9349 |   1120 |   3422 |   3343 |   5 | 2093.8 |
        Bazaar |    163 |    163 |      0 |      0 |    108 |   2 |   81.5 |
         Trove |    112 |    112 |      0 |      0 |     73 |   1 |  112.0 |
        Bailey |    543 |    543 |      0 |    199 |    144 |   1 |  543.0 |
    Desolation |   1344 |   1344 |      0 |    380 |    137 |   1 | 1344.0 |
               +--------+--------+--------+--------+--------+-----+--------+

Top non-repeatable levels by time:
   Zot:5: 3238 daAuts
Vaults:5: 2908 daAuts
Depths:4: 2274 daAuts
Depths:3: 1907 daAuts
   Zot:2: 1890 daAuts
   Zot:1: 1852 daAuts
   Elf:3: 1842 daAuts
   Zot:3: 1764 daAuts
Vaults:1: 1760 daAuts
   Zot:4: 1723 daAuts
   Elf:2: 1612 daAuts
 Snake:2: 1541 daAuts
    D:11: 1537 daAuts
  Lair:5: 1529 daAuts
  Lair:2: 1523 daAuts
